 Dungeon Crawl Stone Soup version 0.29-a0-90-gc37658a0fe (webtiles) character file.

Game seed: 12568818628767105443

41415 siradein the Fighter (level 13, -1/119 HPs)
             Began as a Red Draconian Fighter on Feb 7, 2022.
             Was an Initiate of Gozag.
             Slain by a dream sheep (4 damage)
             ... on level 6 of the Lair of Beasts.
             The game lasted 01:27:05 (29264 turns).

siradein the Fighter (Red Draconian Fighter)       Turns: 29264, Time: 01:27:05

Health: -1/119     AC: 14    Str: 19    XL:     13   Next: 79%
Magic:  0/22       EV:  2    Int:  9    God:    Gozag
Gold:   2123       SH:  0    Dex: 13    Spells: 12/12 levels left

rFire   + . .      SeeInvis +   D - +2 scimitar
rCold   + + .      Faith    .   t - +1 tower shield {rPois}
rNeg    . . .      Spirit   +   (armour unavailable)
rPois   +          Reflect  .   G - +1 hat
rElec   .          Harm     .   J - +0 cloak of Inference {rC+ MP+9 Dex-2 SInv}
rCorr   .          Rampage  .   (no gloves)
Will    .....                   (no boots)
Stlth   +.........              o - amulet of guardian spirit
HPRegen 0.29/turn               j - ring of protection from cold
MPRegen 0.18/turn               O - +4 ring of protection

@: short of breath, sleeping, gold aura
A: breathe fire, AC +8, unfitting armour, fire resistance 1, cold-blooded
a: Breathe Fire, Renounce Religion, Potion Petition, Call Merchant, Bribe Branch


You were on level 6 of the Lair of Beasts.
You worshipped Gozag.
Gozag was most pleased with you.
You visited 2 branches of the dungeon, and saw 19 of its levels.
You also visited: Ice Cave.

You collected 4532 gold pieces.
You spent 610 gold pieces at shops.
You paid 1799 gold pieces to Gozag.

Inventory:

Hand Weapons
 D - a +2 scimitar (weapon)
 H - a +1 hand crossbow of freezing
 K - a +2 short sword of electrocution
 S - a +2 long sword of holy wrath
Missiles
 a - 3 curare-tipped darts
 E - a throwing net (quivered)
Armour
 t - a +1 tower shield of poison resistance (worn)
 G - a +1 hat (worn)
 J - the +0 cloak of Inference (worn) {rC+ MP+9 Dex-2 SInv}
   (You bought it in a shop on level 10 of the Dungeon)

   Dex:       It affects your dexterity (-2).
   rC:        It protects you from cold.
   MP:        It affects your magic capacity (+9).
   SInv:      It lets you see invisible.
Jewellery
 j - a ring of protection from cold (left hand)
 l - a ring of flight
 o - an amulet of guardian spirit (around neck)
 L - a ring of protection from cold
 M - an amulet of magic regeneration
 N - a ring of ice
 O - a +4 ring of protection (right hand)
 T - a ring of positive energy
Wands
 d - a wand of polymorph (16)
 h - a wand of flame (55)
 w - a wand of paralysis (21)
 z - a wand of acid (25)
 A - a wand of mindburst (6)
 B - a wand of digging (11)
Scrolls
 b - a scroll of immolation
 e - 4 scrolls of teleportation
 p - a scroll of magic mapping
 q - 2 scrolls of fear
 u - 3 scrolls of enchant weapon
 v - 5 scrolls of fog
 y - a scroll of blinking
 F - 2 scrolls of enchant armour {unknown}
 U - 2 scrolls of vulnerability {unknown}
 V - a scroll of holy word {unknown}
Potions
 c - 2 potions of might
 f - 4 potions of heal wounds
 g - 13 potions of curing
 i - a potion of haste
 k - 4 potions of cancellation
 m - 5 potions of lignification
 n - 2 potions of mutation
 r - 2 potions of magic
 s - 4 potions of berserk rage {unknown}
 x - 4 potions of resistance {unknown}
 C - 2 potions of attraction
 P - 2 potions of ambrosia {unknown}
 W - a potion of flight {unknown}
 X - a potion of invisibility {unknown}
 Y - a potion of brilliance {unknown}
Miscellaneous
 I - a phial of floods
 Q - a tin of tremorstones (2/2)
 R - a condenser vane


   Skills:
 + Level 12.8 Fighting
 + Level 11.5 Long Blades
 + Level 10.8 Dodging
 + Level 11.7 Shields
 + Level 9.4 Evocations


You had 12 spell levels left.
You didn't know any spells.
Your spell library contained the following spells:

 Spells                   Type           Power      Damage    Failure   Level
 Animate Skeleton         Necr           0%         N/A       91%         1
 Apportation              Tloc           0%         N/A       91%         1
 Beastly Appendage        Tmut           0%         N/A       91%         1
 Foxfire                  Conj/Fire      0%         2x1d4     91%         1
 Magic Dart               Conj           0%         1d3       91%         1
 Pain                     Necr           0%         1d4       91%         1
 Shock                    Conj/Air       0%         1d3       91%         1
 Slow                     Hex            0%         N/A       91%         1
 Summon Small Mammal      Summ           0%         N/A       91%         1
 Blink                    Tloc           0%         N/A       97%         2
 Ensorcelled Hibernation  Hex/Ice        0%         N/A       97%         2
 Searing Ray              Conj           0%         2d4       97%         2
 Wereblood                Tmut           0%         N/A       97%         2
 Conjure Flame            Conj/Fire      0%         6-21      99%         3
 Inner Flame              Hex/Fire       0%         N/A       99%         3
 Spider Form              Tmut/Pois      0%         N/A       99%         3
 Swiftness                Air            0%         N/A       99%         3
 Tukima's Dance           Hex            0%         N/A       99%         3
 Airstrike                Air            0%         N/A       100%        4
 Anguish                  Hex/Necr       0%         N/A       100%        4
 Animate Dead             Necr           0%         N/A       100%        4
 Cause Fear               Hex            0%         N/A       100%        4
 Flame Wave               Conj/Fire      0%         2d4       100%        4
 Fulminant Prism          Conj/Hex       0%         3d6       100%        4
 Agony                    Necr           0%         N/A       100%        5
 Borgnjor's Vile Clutch   Necr/Erth      0%         N/A       100%        5
 Excruciating Wounds      Necr           0%         N/A       100%        5
 Fireball                 Conj/Fire      0%         3d3       100%        5
 Manifold Assault         Tloc           0%         N/A       100%        5
 Death Channel            Necr           0%         N/A       100%        6
 Starburst                Conj/Fire      0%         6d3       100%        6
 Enfeeble                 Hex            0%         N/A       100%        7
 Malign Gateway           Summ/Tloc      0%         N/A       100%        7
 Storm Form               Tmut/Air       0%         N/A       100%        7
 Discord                  Hex            0%         N/A       100%        8
 Ignition                 Fire           0%         3d3       100%        8
 Summon Horrible Things   Summ           0%         N/A       100%        8


Dungeon Overview and Level Annotations

Branches:
Dungeon (13/15)            Temple (0/1) D:6            Lair (6/6) D:11
 Shoals (0/4) Lair:3       Spider (0/4) Lair:2        Slime (0/5) Lair:5
  IceCv (visited)
    Orc: D:9-12      Vaults: D:13-14

Altars:
Gozag
Qazlal
Jiyva

Shops:
D:2 [   D:3 =   D:4 ***   D:10 *

Annotations:
D:11 3 runed translucent doors, Sweetruy1997's ghost, journeyman HOFi


Innate Abilities, Weirdness & Mutations

You can breathe blasts of fire.
Your fiery red scales are hard. (AC +8)
You cannot fit into any form of body armour.
Your flesh is heat resistant. (rF+)
You are cold-blooded and may be slowed by cold attacks.


Message History

You fall asleep.
The dream sheep bites you!!
You wake up.
* * * LOW HITPOINT WARNING * * *
The dream sheep closely misses you. The dream sheep barely misses you.
You see here a wand of iceblast (4).
You feel much better. The dream sheep barely misses you.
You block the dream sheep's attack. The dream sheep bites you.
* * * LOW HITPOINT WARNING * * *
Okay, then.
Blink to where?
Press: ? - help, Dir - move target
As you read the scroll of blinking, it crumbles to dust.
As you read the scroll of fog, it crumbles to dust.
The scroll dissolves into smoke.
The dream sheep shake their wool and sparkle.
You feel drowsy...
You fall asleep.
The dream sheep bites you!
You wake up.
* * * LOW HITPOINT WARNING * * *
The dream sheep ruffle their wool and motes of dream dust sparkle, to no effect.
The dream sheep are wreathed in dream dust.
You feel drowsy...
You fall asleep.
The dream sheep bites you!
You wake up.
* * * LOW HITPOINT WARNING * * *
The dream sheep bites you but does no damage.
Aiming: Breathe Fire (2% risk of failure)
Press: ? - help, Shift-Dir - straight line, f - dream sheep
Aim: a dream sheep (71% to hit)
You breathe a blast of fire.
The fiery breath hits the dream sheep.
The dream sheep is moderately wounded.
The dream sheep is engulfed in blazing flames.
You block the dream sheep's attack.
The dream sheep is engulfed in blazing flames.
You kill the dream sheep!
The dream sheep shake their wool and sparkle.
You feel drowsy...
You fall asleep.
The dream sheep is distracted by your dazzling golden aura.
The dream sheep is no longer distracted by gold.
The dream sheep bites you.
You die...
Your body crumbles into a pile of gold.

#....<.........#
#...............#
##..............#
###..............#
#...............##
#...............#
###............##
#.............
#@Y..........#
###Y.........#.
#.#○...........
##.#.#.........
#..............
##..............
##...............
#......§§§.......
#................


You could see 2 dream sheep.

Vanquished Creatures
  A reaper (IceCv)
  Fannar (Lair:1)
  3 hydras
  A boulder beetle (D:11)
  A two-headed ogre (D:5)
  Sonja (D:11)
  Pikel (D:5)
  4 lindwurms (Lair:3)
  An oklob plant (Lair:6)
  6 elephants
  A manticore (D:11)
  4 cyclopes
  Maurice (D:11)
  An ice statue (IceCv)
  Joseph (D:7)
  A torpor snail (Lair:3)
  4 black mambas
  2 cane toads
  A rime drake (Lair:1)
  6 komodo dragons
  An anaconda simulacrum (IceCv)
  2 ice devils (IceCv)
  An entropy weaver simulacrum (IceCv)
  4 polar bears
  2 trolls (D:10)
  2 hornets
  A meliai (Lair:2)
  16 blink frogs
  2 meliai zombies
  4 dream sheep (Lair:6)
  A snapping turtle (Lair:3)
  3 wyverns
  Sigmund (D:5)
  A dire elephant simulacrum (IceCv)
  2 shadows
  44 yaks
  2 basilisks
  4 vampire mosquitoes (D:11)
  Edmund (D:5)
  A harpy simulacrum (IceCv)
  2 steam dragons
  2 death yak simulacra (IceCv)
  9 water moccasins
  6 ice beasts
  2 sky beasts
  4 black bears
  6 orc warriors
  2 ogres
  4 boggarts (Lair:4)
  8 wolves
  A phantom (D:4)
  A centaur (D:8)
  2 lemures (D:6)
  A kobold brigand (D:9)
  15 bullfrogs
  The ghost of hgbash the Sneak, an amateur SpCj (D:3)
  A gnoll sergeant (D:7)
  5 two-headed ogre simulacra (IceCv)
  9 scorpions
  A water moccasin skeleton (D:5)
  2 water moccasin zombies
  2 elephant simulacra (IceCv)
  16 killer bees
  2 electric eels (Lair:3)
  3 wights (D:8)
  A howler monkey (D:7)
  3 centaur zombies
  A bullfrog zombie (D:5)
  2 bullfrog skeletons
  A hound (D:7)
  3 jellies
  5 orc priests
  Crazy Yiuf (D:6)
  A centaur skeleton (D:5)
  A gnoll shaman (D:9)
  3 iguanas
  Ijyb (D:4)
  7 orc wizards
  2 polar bear simulacra (IceCv)
  5 spriggan simulacra (IceCv)
  3 troll simulacra (IceCv)
  4 wolf simulacra (IceCv)
  A killer bee zombie (D:5)
  8 gnolls
  2 howler monkey skeletons
  7 adders
  6 naga simulacra (IceCv)
  8 white imps
  8 ufetubi (IceCv)
  2 adder skeletons
  2 worms
  A dart slug (D:2)
  34 orcs
  3 bats
  8 endoplasms
  3 giant cockroaches
  5 goblins
  6 hobgoblins
  4 quokkas
  5 ball pythons
  2 frilled lizards
  6 kobolds
  A quokka skeleton (D:4)
  3 rats (D:2)
  A bush (D:6)
414 creatures vanquished.

Vanquished Creatures (others)
  2 orc wizards
  33 fungi
  42 plants
77 creatures vanquished.

Grand Total: 491 creatures vanquished

Notes
Turn   | Place    | Note
-------+----------+-------------------------------------------
     0 | D:1      | siradein the Draconian Fighter began the quest for the Orb.
     0 | D:1      | Reached XP level 1. HP: 19/19 MP: 1/1
   657 | D:2      | Reached XP level 2. HP: 26/26 MP: 2/2
   700 | D:2      | Found Xummus's Antique Armour Emporium.
   860 | D:2      | Reached XP level 3. HP: 25/31 MP: 3/3
  1823 | D:3      | Found a stormy altar of Qazlal.
  2079 | D:3      | Found a faded altar of an unknown god.
  2101 | D:3      | Got Plato's Papyrus of the Oath
  2112 | D:3      | Reached XP level 4. HP: 40/40 MP: 4/4
  2288 | D:3      | Found a runed translucent gate.
  2289 | D:3      | Found a runed translucent gate.
  2289 | D:3      | Found a runed translucent gate.
  2290 | D:3      | Found an opulent altar of Gozag.
  2292 | D:3      | Noticed hgbash's ghost (amateur SpCj)
  2366 | D:3      | Killed hgbash's ghost
  2367 | D:3      | Reached skill level 4 in Fighting
  2369 | D:3      | Reached XP level 5. HP: 22/46 MP: 5/5
  2543 | D:3      | Became a worshipper of Gozag Ym Sagoz the Greedy
  2589 | D:3      | Found Oleebb's Jewellery Shoppe.
  2814 | D:4      | Noticed a phantom
  2869 | D:4      | Killed a phantom
  3119 | D:4      | Noticed an ogre
  3281 | D:4      | Reached XP level 6. HP: 31/53 MP: 3/6
  3727 | D:4      | Reached skill level 5 in Fighting
  3770 | D:4      | Found Coffusex's Elemental Accessories.
  3953 | D:4      | Noticed Ijyb
  3964 | D:4      | Paralysed by Ijyb for 7 turns
  3978 | D:4      | Killed Ijyb
  4201 | D:4      | Found Xuge's General Store.
  4203 | D:4      | Found Laemuyck's Specific Store.
  4212 | D:4      | Bought a +1 tower shield of poison resistance for 162 gold
                  | pieces
  4257 | D:5      | Entered Level 5 of the Dungeon
  4272 | D:5      | Your scales start taking on a fiery red colour.
  4272 | D:5      | Reached XP level 7. HP: 43/61 MP: 5/7
  4272 | D:5      | Gained mutation: Your flesh is heat resistant. (rF+) [Red
                  | Draconian growth]
  4417 | D:5      | Noticed Edmund
  4443 | D:5      | Killed Edmund
  4444 | D:5      | Reached skill level 5 in Shields
  4614 | D:5      | Noticed Sigmund
  4635 | D:5      | Killed Sigmund
  4689 | D:5      | Reached skill level 6 in Fighting
  4689 | D:5      | Reached skill level 5 in Long Blades
  4689 | D:5      | Reached XP level 8. HP: 70/70 MP: 8/8
  4709 | D:5      | Reached skill level 5 in Dodging
  5329 | D:5      | Noticed a two-headed ogre
  5475 | D:5      | Killed a two-headed ogre
  5476 | D:5      | Reached skill level 7 in Fighting
  5476 | D:5      | Reached XP level 9. HP: 43/79 MP: 5/9
  6057 | D:6      | Noticed Pikel
  6685 | D:6      | Found a staircase to the Ecumenical Temple.
  7038 | D:6      | Found a runed translucent door.
  7039 | D:6      | Noticed Crazy Yiuf
  7047 | D:6      | Killed Crazy Yiuf
  7295 | D:6      | Reached skill level 1 in Evocations
  7674 | D:7      | Reached skill level 8 in Fighting
  8070 | D:7      | Noticed Joseph
  8085 | D:7      | Killed Joseph
  8647 | D:8      | Reached XP level 10. HP: 88/90 MP: 10/10
  9740 | D:5      | Killed Pikel
  9977 | D:9      | Reached skill level 9 in Fighting
 11327 | D:10     | Entered Level 10 of the Dungeon
 11623 | D:10     | Reached skill level 5 in Evocations
 11623 | D:10     | Reached XP level 11. HP: 67/97 MP: 7/11
 12537 | D:10     | You fall into a shaft and drop 3 floors!
 12561 | D:13     | Noticed a boulder beetle
 12588 | D:12     | Reached skill level 10 in Fighting
 12698 | D:11     | Noticed Maurice
 12744 | D:11     | Paralysed by something for 2 turns
 12746 | D:11     | Killed Maurice
 12961 | D:11     | Noticed a boulder beetle
 12962 | D:11     | Found a frozen archway.
 12966 | IceCv    | Entered an ice cave
 15402 | IceCv    | Noticed a reaper
 15420 | IceCv    | Killed a reaper
 15459 | IceCv    | Reached XP level 12. HP: 56/108 MP: 12/12
 15926 | IceCv    | Identified the +0 plate armour "Haes" {rC+ Dex+2}
 17597 | D:11     | Killed a boulder beetle
 17598 | D:11     | Reached skill level 10 in Shields
 17884 | D:11     | Noticed Sonja
 18011 | D:10     | Found Ycyolloje's Neck Hole.
 18016 | D:10     | Bought the +0 cloak of Inference {rC+ MP+9 Dex-2 SInv} for
                  | 448 gold pieces
 18251 | D:11     | Killed Sonja
 18362 | D:11     | Reached skill level 11 in Fighting
 18892 | D:11     | Found a staircase to the Lair.
 18932 | D:11     | Found a runed translucent gate.
 18932 | D:11     | Found a runed translucent gate.
 18932 | D:11     | Found a runed translucent gate.
 18933 | D:11     | Noticed Sweetruy1997's ghost (journeyman HOFi)
 19237 | Lair:1   | Entered Level 1 of the Lair of Beasts
 19327 | Lair:1   | Reached skill level 10 in Long Blades
 19611 | Lair:1   | Noticed Fannar
 19688 | Lair:1   | Killed Fannar
 22088 | Lair:2   | Found a hole to the Spider Nest.
 22863 | Lair:3   | Noticed an eight-headed hydra
 22894 | Lair:2   | Reached skill level 10 in Dodging
 23268 | Lair:2   | Reached XP level 13. HP: 88/117 MP: 13/13
 23765 | Lair:3   | Reached skill level 12 in Fighting
 25941 | Lair:3   | Found a staircase to the Shoals.
 27399 | Lair:5   | Found a staircase to the Slime Pits.
 27399 | Lair:5   | Found a viscous altar of Jiyva.
 27464 | Lair:5   | Paralysed by a hornet for 1 turns
 28318 | Lair:6   | Entered Level 6 of the Lair of Beasts
 29255 | Lair:6   | HP: 1/119 [dream sheep (14)]
 29264 | Lair:6   | Slain by a dream sheep

Illustrated notes

Levels and vault maps discovered:
D:1:      dpeg_arrival_lava_altar, layout_basic, grunt_decor_cap
D:2:      layout_rooms, serial_aquarium, aquarium_bridge_square
          [aquarium_subvault_wall, aquarium_subvault_window,
          aquarium_subvault_bridge, aquarium_subvault_bridge],
          aquarium_window_2, aquarium_window_double, aquarium_window_fake,
          aquarium_window_1, aquarium_view_2d, aquarium_view_2c,
          aquarium_balcony_3a, serial_shops, shop, palyth_stone_intersect,
          minmay_bisected
D:3:      layout_basic, nicolae_qazlal_general_emergency, serial_shops, shop,
          shapermc_ecumenical_altar_rom_forum, ebering_ghost_gozag,
          interstate_on_off
D:4:      layout_cave_pods, nicolae_specific_store, serial_park_tiny_2,
          nicolae_elemental_shop, uniq_ijyb
D:5:      minmay_chambers_of_fours, layout_basic, uniq_edmund, uniq_sigmund
D:6:      layout_rooms, minmay_temple_entry_hall, uniq_pikel,
          uniq_crazy_yiuf_cottage
D:7:      layout_cave_pools, uniq_joseph
D:8:      layout_loops_cross, minmay_misc_feat_rugged
D:9:      layout_basic
D:10:     layout_roguey, kennysheep_donut, nicolae_shop_sticking_my_neck_out
D:11:     layout_small_grid, grunt_lair_entry_orc_guard_hut,
          portal_ice_cave_entry_pillars_2, ebering_ghost_rock_garden,
          uniq_maurice, uniq_sonja
D:12:     layout_long_grid, orc_0_dummy, serial_shops, kennysheep_little_box
D:13:     minmay_the_grid_triangle_9x9_rhombus_thin_mashed
          [minmay_the_grid_triangle_9x9_intruding_spiral,
          minmay_the_grid_triangle_9x9_prize_insulated,
          minmay_the_grid_triangle_9x9_minimal,
          minmay_the_grid_triangle_9x9_descending_squares], layout_basic,
          roderic_batcave, uniq_azrael, uniq_rupert, uniq_nessos, uniq_urug
Lair:1:   layout_cellular_growth, grunt_megastairs_2, uniq_fannar
Lair:2:   layout_cellular_growth, hellmonk_spider_entry_not_the_bees,
          grunt_megastairs_4
Lair:3:   layout_regular_city, minmay_shoals_entry_hut, minmay_lindwurm_lava,
          infiniplex_staircase_pool_2, serial_bayou_shore_a
Lair:4:   layout_cellular_growth, kilobyte_rumbling_trees
Lair:5:   layout_cave_pods, slime_altar_1, grunt_megastairs_1
Lair:6:   grunt_lair_end_beastmaster, layout_hall_layers

Skill      XL: |  1  2  3  4  5  6  7  8  9 10 11 12 13 |
---------------+----------------------------------------+-----
Dodging        | 3 4 6 7 8 9 10 | 10.8
Fighting       | 4 5 6 7 8 9 10 11 12 | 12.8
Long Blades    | 3 4 5 6 7 8 9 10 11 | 11.5
Shields        | 4 5 6 7 8 9 10 11 | 11.7
Evocations     | 2 5 6 8 9 |  9.4

Action                   |  1- 3 |  4- 6 |  7- 9 | 10-12 | 13-15 || total
-------------------------+-------+-------+-------+-------+-------++-------
Melee: Long sword        |    89 |   126 |   183 |       |       ||   398
       Tailslap          |    10 |    11 |    59 |   172 |    91 ||   343
       Scimitar          |       |       |   155 |   905 |   404 ||  1464
       Short sword       |       |       |       |       |     4 ||     4
       Unarmed           |       |       |       |       |     2 ||     2
Invok: Potion Petition   |       |       |       |     3 |       ||     3
 Abil: Breathe Fire      |       |       |    20 |    70 |    21 ||   111
       End Transformatio |       |       |       |     1 |       ||     1
Evoke: Wand              |       |       |       |    19 |       ||    19
  Use: Scroll            |       |       |     6 |     9 |     4 ||    19
       Potion            |       |       |       |       |     1 ||     1
 Stab: Sleeping          |     3 |     1 |       |     2 |       ||     6
       Distracted        |       |       |     1 |     3 |       ||     4
       Petrified         |       |       |       |     5 |       ||     5
       Petrifying        |       |       |       |     1 |       ||     1
Armor: Skin              |    18 |    33 |    64 |   249 |   142 ||   506
Dodge: Dodged            |    56 |    60 |    97 |   369 |   206 ||   788
Block: Buckler           |    15 |    27 |       |       |       ||    42
       Tower shield      |       |    14 |   283 |   871 |   469 ||  1637

Table legend: (Time is in decaauts)
 A = Elapsed time spent in this place.
 B = Non-inter-level travel time spent in this place.
 C = Inter-level travel time spent in this place.
 D = Time resting spent in this place.
 E = Time spent auto-exploring this place.
 F = Levels seen in this place.
 G = Mean time per level.
                   A        B        C        D        E       F      G
               +--------+--------+--------+--------+--------+-----+--------+
         Total |  29781 |  28865 |    916 |   4474 |  18150 |  20 | 1489.1 |
       Dungeon |  15281 |  14727 |    554 |   1798 |   9529 |  13 | 1175.5 |
          Lair |   9988 |   9626 |    362 |   1450 |   6339 |   6 | 1664.7 |
      Ice Cave |   4511 |   4511 |      0 |   1226 |   2282 |   1 | 4511.0 |
               +--------+--------+--------+--------+--------+-----+--------+

Top non-repeatable levels by time:
   IceCv: 4511 daAuts
  Lair:2: 2536 daAuts
  Lair:3: 2355 daAuts
  Lair:1: 2022 daAuts
     D:5: 1985 daAuts
    D:11: 1881 daAuts
    D:10: 1627 daAuts
     D:6: 1618 daAuts
     D:9: 1592 daAuts
     D:4: 1548 daAuts
  Lair:5: 1375 daAuts
     D:7: 1186 daAuts
  Lair:4: 1129 daAuts
     D:2: 1086 daAuts
     D:3: 1046 daAuts
